Devils vs Penguins

Created - November 10, 2015 at 18:27

Goals
1 2 3 T
Devils 0 1 1 2
Penguins 0 0 1 1
Shots
1 2 3 T
Devils 8 11 12 31
Penguins 7 4 15 26

1st period

No Goal

Penalties :
Jake Muzzin (NJD) for Cross-checking (Minor) at 2:51, Tommy Wingels (NJD) for Hooking (Minor) at 15:12

2nd period

1. Devils , Ales Hemsky 2 (Chris Kelly) at 11:32

Penalties :
James van Riemsdyk (PIT) for Kneeing (Minor) at 17:20

3rd period

2. Penguins , Ryan Getzlaf 6 (Jakub Voracek) at 4:04
3. Devils , Brandon Sutter 5 (Vincent Trocheck, Corey Crawford) at 19:20 (PP)

Penalties :
Kevan Miller (PIT) for Slashing (Minor) at 1:53, Dan Hamhuis (NJD) for Tripping (Minor) at 6:26, Mark Giordano (PIT) for Interference (Minor) at 19:08

Goalie Stats

Corey Crawford (NJD), 25 saves from 26 shots - (0.962), W, 10-7-1, 60:00 minutes
Marc-Andre Fleury (PIT), 29 saves from 31 shots - (0.935), L, 8-8-0, 60:00 minutes

Players Stats for Devils

Player Name              G  A  P  +/- PIM S  H  SB GA TA FO     MP     PP MP  PK MP  
------------------------------------------------------------------------------------
Ales Hemsky              1  0  1   0  0   2  0  0  0  0  0/0     4:04   0:00   0:00 
Brandon Sutter           1  0  1   0  0   6  1  0  0  0  14/27  19:52   2:06   2:33 
Chris Kelly              0  1  1   0  0   0  1  0  0  0  0/0     8:20   0:00   3:37 
Chris Terry              0  0  0   0  0   0  0  1  0  0  0/0    13:03   0:00   0:00 
Dan Hamhuis              0  0  0   0  2   0  3  2  0  0  0/0    21:14   1:22   2:13 
Darren Helm              0  0  0   0  0   2  3  0  0  0  2/8    16:54   0:00   0:00 
Derek Roy                0  0  0   0  0   2  0  0  0  0  8/10   13:13   0:00   0:10 
Drew Stafford            0  0  0   0  0   3  0  0  0  0  2/3    19:50   2:04   0:00 
Jake Muzzin              0  0  0   0  2   0  3  2  0  0  0/0    23:26   2:04   2:01 
Jamie McGinn             0  0  0   0  0   0  0  0  0  0  0/0     0:00   0:00   0:00 
John-Michael Liles       0  0  0   0  0   1  1  1  0  0  0/0    14:41   0:44   1:45 
Justin Schultz           0  0  0   0  0   0  0  2  0  0  0/0    20:30   1:22   0:11 
Mikko Koivu              0  0  0   0  0   4  1  0  0  0  16/28  23:43   2:04   3:14 
Nick Schultz             0  0  0   0  0   3  0  0  0  0  0/0    16:32   0:44   2:57 
Tommy Wingels            0  0  0   0  2   1  3  0  0  0  0/1    16:26   2:06   0:00 
Trevor Daley             0  0  0   0  0   0  0  0  0  0  0/0    23:35   2:04   2:47 
Tyler Johnson            0  0  0   0  0   5  1  0  0  0  2/3    16:25   2:04   0:00 
Vincent Trocheck         0  1  1   0  0   2  1  0  0  0  0/1    22:12   2:06   2:20 

Players Stats for Penguins

Player Name              G  A  P  +/- PIM S  H  SB GA TA FO     MP     PP MP  PK MP  
------------------------------------------------------------------------------------
Brandon Saad             0  0  0   0  0   0  0  0  0  0  0/3    21:00   3:02   1:34 
David Perron             0  0  0  -1  0   2  0  0  0  0  0/1    14:56   0:00   0:00 
Dmitry Kulikov           0  0  0  -1  0   0  1  2  0  0  0/0    21:35   2:22   2:12 
Gregory Campbell         0  0  0   0  0   0  0  0  0  0  0/0     5:32   0:00   0:00 
Jacob De La Rose         0  0  0   0  0   0  0  0  0  0  0/0     0:12   0:00   0:12 
Jacob Trouba             0  0  0   0  0   1  1  0  0  0  0/0    13:23   0:00   0:12 
Jakub Voracek            0  1  1   1  0   1  1  0  0  0  0/2    20:57   2:55   0:00 
James van Riemsdyk       0  0  0   1  2   3  3  0  0  0  0/0    20:56   2:55   0:00 
Kevan Miller             0  0  0   0  2   0  2  1  0  0  0/0    14:16   0:00   1:06 
Luke Glendening          0  0  0  -1  0   2  0  0  0  0  6/13   12:31   0:00   2:36 
Mark Arcobello           0  0  0   0  0   0  0  0  0  0  4/7     5:32   0:00   0:00 
Mark Giordano            0  0  0   1  2   2  4  0  0  0  0/0    25:01   3:35   1:46 
Ondrej Palat             0  0  0   0  0   2  6  0  0  0  0/2    21:47   3:02   2:21 
Ryan Getzlaf             1  0  1   1  0   8  3  0  0  0  15/29  21:31   2:55   0:03 
Ryan Nugent-Hopkins      0  0  0   0  0   1  1  0  0  0  12/23  21:00   3:02   1:34 
Ryan Suter               0  0  0   1  0   2  2  1  0  0  0/0    23:19   3:35   0:42 
Tanner Pearson           0  0  0  -1  0   2  0  0  0  0  0/1     9:55   0:00   0:00 
Victor Hedman            0  0  0  -1  0   0  0  0  0  0  0/0    22:24   2:22   2:22 

3 Stars

1 - Corey Crawford (NJD)
2 - Ryan Getzlaf (PIT)
3 - Brandon Sutter (NJD)

Power Play

Devils - 1 on 3 Attempt(s) - 33.33%
Penguins - 0 on 3 Attempt(s) - 0.00%

Penalty Kill

Devils - 3 on 3 Attempt(s) - 100.00% - Score 0 goal in Penalty Kill
Penguins - 2 on 3 Attempt(s) - 66.67% - Score 0 goal in Penalty Kill

Team Stat

Devils - Hits : 18 - Faceoff Wins : 44 - Blocked Shots : 8 - Penalty Minutes : 6
Penguins - Hits : 24 - Faceoff Wins : 37 - Blocked Shots : 4 - Penalty Minutes : 6

Official

Referees : Jon Mclsaac and Ghislain Hebert
Linesman : Bryan Pancich and Pierre Racicot

Game Notes

No Game Note

Finance

Level 1 -- Attendance: 6057 (93.18%) -- Ticket Income $666,270
Level 2 -- Attendance: 4834 (96.68%) -- Ticket Income $386,720
Level 3 -- Attendance: 2846 (81.31%) -- Ticket Income $170,760
Level 4 -- Attendance: 1865 (78.13%) -- Ticket Income $93,250
Luxury Box -- Attendance: 998 (99.80%) -- Ticket Income $199,600
Game was played at the Consol Energy Center.
Total Attendance: 16600 (90.28%)
Total Ticket Income: $1,516,600
Other Income: $227,490
Total Income: $1,744,090

% Time on Ice - Devils

Lines # - Real PCT - Wanted PCT - Time Play
Normal Forward
1 - 36% - 35% - 17:46
2 - 29% - 30% - 14:21
3 - 27% - 25% - 13:03
4 - 8% - 10% - 4:04
Normal Defense
1 - 37% - 40% - 18:05
2 - 36% - 40% - 17:40
3 - 25% - 20% - 12:12
4 - 3% - 0% - 1:17
PP Forward
1 - 50% - 70% - 2:04
2 - 50% - 30% - 2:06
PP Defense
1 - 67% - 70% - 2:48
2 - 33% - 30% - 1:22
PK Forward
1 - 57% - 50% - 3:24
2 - 43% - 50% - 2:33
PK Defense
1 - 50% - 50% - 2:57
2 - 50% - 50% - 3:00
PK3 Forward
1 - 0% - 50%
2 - 0% - 50%
PK3 Defense
1 - 0% - 60%
2 - 0% - 40%
44 Forward
1 - 0% - 50%
2 - 0% - 50%
44 Defense
1 - 0% - 60%
2 - 0% - 40%
Last Minute Offensive  - 0:00
Last Minute Defensive  - 0:39
Total
Forward - 60:00
Defense - 60:00

% Time on Ice - Penguins

Lines # - Real PCT - Wanted PCT - Time Play
Normal Forward
1 - 35% - 33% - 17:23
2 - 33% - 32% - 16:24
3 - 20% - 22% - 9:55
4 - 11% - 13% - 5:32
Normal Defense
1 - 39% - 40% - 19:02
2 - 35% - 35% - 17:01
3 - 22% - 20% - 10:40
4 - 5% - 5% - 2:31
PP Forward
1 - 49% - 55% - 2:55
2 - 51% - 45% - 3:02
PP Defense
1 - 60% - 75% - 3:35
2 - 40% - 25% - 2:22
PK Forward
1 - 62% - 55% - 2:36
2 - 38% - 45% - 1:34
PK Defense
1 - 58% - 60% - 2:24
2 - 42% - 40% - 1:46
PK3 Forward
1 - 0% - 55%
2 - 0% - 45%
PK3 Defense
1 - 0% - 55%
2 - 0% - 45%
44 Forward
1 - 0% - 55%
2 - 0% - 45%
44 Defense
1 - 0% - 55%
2 - 0% - 45%
Last Minute Offensive  - 0:39
Last Minute Defensive  - 0:00
Total
Forward - 60:00
Defense - 60:00

Play by Play

1st period


0:01 of 1st period - Mikko Koivu wins face-off versus Ryan Getzlaf in neutral zone.
0:01 of 1st period - Mikko Koivu is hit by James van Riemsdyk.
0:11 of 1st period - Shot by Mikko Koivu.
0:11 of 1st period - Stopped by Marc-Andre Fleury without a rebound.
0:12 of 1st period - Brandon Sutter wins face-off versus Ryan Nugent-Hopkins in Penguins zone.
0:19 of 1st period - Shot by Tyler Johnson.
0:19 of 1st period - Deflect By Brandon Sutter.
0:19 of 1st period - Stopped by Marc-Andre Fleury without a rebound.
0:20 of 1st period - Derek Roy wins face-off versus Luke Glendening in Penguins zone.
0:33 of 1st period - Shot by Derek Roy.
0:33 of 1st period - Shot Misses the Net.
0:55 of 1st period - Shot by Tanner Pearson.
0:55 of 1st period - Stopped by Corey Crawford without a rebound.
0:56 of 1st period - Brandon Sutter wins face-off versus Brandon Saad in Devils zone.
0:56 of 1st period - Brandon Sutter is hit by Ondrej Palat.
1:29 of 1st period - Shot by Ryan Nugent-Hopkins.
1:29 of 1st period - Deflect By Ondrej Palat.
1:29 of 1st period - Shot Misses the Net.
1:31 of 1st period - Shot by Brandon Saad.
1:31 of 1st period - Shot Blocked by Justin Schultz.
2:51 of 1st period - Minor Penalty to Jake Muzzin for Cross-checking.
2:52 of 1st period - Mikko Koivu wins face-off versus Ryan Getzlaf in Devils zone.
3:05 of 1st period - Shot by Ryan Suter.
3:05 of 1st period - Stopped by Corey Crawford without a rebound.
3:06 of 1st period - Brandon Sutter wins face-off versus Brandon Saad in Devils zone.
3:21 of 1st period - Shot by Mark Giordano.
3:21 of 1st period - Stopped by Corey Crawford without a rebound.
3:22 of 1st period - Ryan Getzlaf wins face-off versus Mikko Koivu in Devils zone.
3:31 of 1st period - Shot by Jakub Voracek.
3:31 of 1st period - Shot Misses the Net.
4:47 of 1st period - Brandon Sutter is hit by Ondrej Palat and loses puck.
6:07 of 1st period - Shot by Ryan Getzlaf.
6:07 of 1st period - Stopped by Corey Crawford without a rebound.
6:08 of 1st period - Ryan Nugent-Hopkins wins face-off versus Mikko Koivu in Devils zone.
6:58 of 1st period - Icing by Nick Schultz.
6:59 of 1st period - Mark Arcobello wins face-off versus Mikko Koivu in Devils zone.
7:24 of 1st period - Shot by David Perron.
7:24 of 1st period - Shot Misses the Net.
8:02 of 1st period - Icing by Kevan Miller.
8:03 of 1st period - Ryan Getzlaf wins face-off versus Darren Helm in Penguins zone.
8:03 of 1st period - Ryan Getzlaf is hit by Darren Helm.
8:09 of 1st period - Dan Hamhuis is hit by James van Riemsdyk and loses puck.
8:22 of 1st period - James van Riemsdyk is hit by Chris Kelly and loses puck.
9:13 of 1st period - Shot by Vincent Trocheck.
9:13 of 1st period - Stopped by Marc-Andre Fleury with a rebound.
9:17 of 1st period - Shot by Mikko Koivu.
9:17 of 1st period - Stopped by Marc-Andre Fleury with a rebound.
9:19 of 1st period - Shot by Nick Schultz.
9:19 of 1st period - Stopped by Marc-Andre Fleury without a rebound.
9:20 of 1st period - Brandon Sutter wins face-off versus Ryan Nugent-Hopkins in Penguins zone.
9:23 of 1st period - Shot by Tyler Johnson.
9:23 of 1st period - Stopped by Marc-Andre Fleury without a rebound.
9:24 of 1st period - Ryan Nugent-Hopkins wins face-off versus Brandon Sutter in Penguins zone.
9:37 of 1st period - Shot by Brandon Sutter.
9:37 of 1st period - Stopped by Marc-Andre Fleury without a rebound.
9:38 of 1st period - Mikko Koivu wins face-off versus Luke Glendening in Penguins zone.
9:44 of 1st period - Icing by Dmitry Kulikov.
9:45 of 1st period - Luke Glendening wins face-off versus Brandon Sutter in Penguins zone.
10:53 of 1st period - Icing by Jake Muzzin.
10:54 of 1st period - Mikko Koivu wins face-off versus Ryan Getzlaf in Devils zone.
10:54 of 1st period - Mikko Koivu is hit by Jakub Voracek.
10:59 of 1st period - Vincent Trocheck is hit by Ryan Getzlaf and loses puck.
11:20 of 1st period - Ryan Getzlaf is hit by Jake Muzzin.
12:27 of 1st period - Shot by Ryan Nugent-Hopkins.
12:27 of 1st period - Shot Misses the Net.
13:07 of 1st period - Shot by Tanner Pearson.
13:07 of 1st period - Stopped by Corey Crawford without a rebound.
13:08 of 1st period - Brandon Sutter wins face-off versus Jakub Voracek in Devils zone.
13:10 of 1st period - Icing by Tyler Johnson.
13:11 of 1st period - Ryan Getzlaf wins face-off versus Brandon Sutter in Devils zone.
13:11 of 1st period - Kevan Miller is hit by John-Michael Liles and loses puck.
13:17 of 1st period - John-Michael Liles is hit by Jacob Trouba and loses puck.
13:32 of 1st period - Shot by Brandon Sutter.
13:32 of 1st period - Shot Misses the Net.
13:34 of 1st period - Shot by John-Michael Liles.
13:34 of 1st period - Shot Blocked by Kevan Miller.
13:40 of 1st period - Shot by Brandon Sutter.
13:40 of 1st period - Deflect By Tyler Johnson.
13:40 of 1st period - Stopped by Marc-Andre Fleury without a rebound.
13:41 of 1st period - Derek Roy wins face-off versus Ryan Nugent-Hopkins in Penguins zone.
13:58 of 1st period - Shot by Ondrej Palat.
13:58 of 1st period - Deflect By Ryan Nugent-Hopkins.
13:58 of 1st period - Shot Misses the Net.
14:04 of 1st period - Shot by Ryan Nugent-Hopkins.
14:04 of 1st period - Shot Misses the Net.
14:10 of 1st period - Shot by Ondrej Palat.
14:10 of 1st period - Shot Blocked by Dan Hamhuis.
14:14 of 1st period - Shot by Ryan Suter.
14:14 of 1st period - Stopped by Corey Crawford without a rebound.
14:15 of 1st period - Ryan Getzlaf wins face-off versus Brandon Sutter in Devils zone.
15:12 of 1st period - Minor Penalty to Tommy Wingels for Hooking.
15:13 of 1st period - Ryan Nugent-Hopkins wins face-off versus Mikko Koivu in Devils zone.
15:45 of 1st period - Icing by Ryan Suter.
15:46 of 1st period - Mikko Koivu wins face-off versus Ryan Nugent-Hopkins in Penguins zone.
17:35 of 1st period - Shot by David Perron.
17:35 of 1st period - Shot Hit the Post.
17:37 of 1st period - Shot by Jacob Trouba.
17:37 of 1st period - Shot Blocked by Justin Schultz.
18:02 of 1st period - Icing by Justin Schultz.
18:03 of 1st period - Derek Roy wins face-off versus Ondrej Palat in Devils zone.
18:07 of 1st period - Dan Hamhuis is hit by Ryan Nugent-Hopkins and loses puck.
18:27 of 1st period - Shot by Ondrej Palat.
18:27 of 1st period - Shot Misses the Net.
18:29 of 1st period - Shot by Mark Giordano.
18:29 of 1st period - Stopped by Corey Crawford without a rebound.
18:30 of 1st period - Drew Stafford wins face-off versus Ryan Getzlaf in Devils zone.
Goals for this period are 0 for Devils vs 0 for Penguins.
Shots for this period are 8 for Devils vs 7 for Penguins.

2nd period


0:01 of 2nd period - Ryan Nugent-Hopkins wins face-off versus Brandon Sutter in neutral zone.
0:03 of 2nd period - Off-side.
0:04 of 2nd period - Darren Helm wins face-off versus Ryan Nugent-Hopkins in neutral zone.
0:21 of 2nd period - Shot by Darren Helm.
0:21 of 2nd period - Stopped by Marc-Andre Fleury without a rebound.
0:22 of 2nd period - Tyler Johnson wins face-off versus Ryan Getzlaf in Penguins zone.
0:25 of 2nd period - Shot by Tommy Wingels.
0:25 of 2nd period - Shot Blocked by Dmitry Kulikov.
0:27 of 2nd period - Shot by Brandon Sutter.
0:27 of 2nd period - Stopped by Marc-Andre Fleury without a rebound.
0:28 of 2nd period - Brandon Sutter wins face-off versus Ondrej Palat in Penguins zone.
1:21 of 2nd period - Icing by Justin Schultz.
1:22 of 2nd period - Ryan Getzlaf wins face-off versus Brandon Sutter in Devils zone.
1:26 of 2nd period - James van Riemsdyk is hit by Dan Hamhuis and loses puck.
2:30 of 2nd period - Shot by Darren Helm.
2:30 of 2nd period - Stopped by Marc-Andre Fleury without a rebound.
2:31 of 2nd period - Ryan Nugent-Hopkins wins face-off versus Mikko Koivu in Penguins zone.
3:14 of 2nd period - Shot by Vincent Trocheck.
3:14 of 2nd period - Shot Misses the Net.
3:44 of 2nd period - Shot by Tanner Pearson.
3:44 of 2nd period - Shot Misses the Net.
3:46 of 2nd period - Shot by Jacob Trouba.
3:46 of 2nd period - Stopped by Corey Crawford with a rebound.
4:22 of 2nd period - Icing by Justin Schultz.
4:23 of 2nd period - Ryan Getzlaf wins face-off versus Tommy Wingels in Devils zone.
4:41 of 2nd period - Shot by Tyler Johnson.
4:41 of 2nd period - Shot Misses the Net.
4:43 of 2nd period - Shot by Justin Schultz.
4:43 of 2nd period - Shot Misses the Net.
5:01 of 2nd period - Shot by Ryan Getzlaf.
5:01 of 2nd period - Stopped by Corey Crawford without a rebound.
5:02 of 2nd period - Mikko Koivu wins face-off versus Ryan Nugent-Hopkins in Devils zone.
5:29 of 2nd period - Vincent Trocheck is hit by Mark Giordano and loses puck.
5:38 of 2nd period - Shot by Drew Stafford.
5:38 of 2nd period - Shot Misses the Net.
5:50 of 2nd period - Drew Stafford is hit by Ondrej Palat and loses puck.
6:02 of 2nd period - Icing by Ryan Suter.
6:03 of 2nd period - Derek Roy wins face-off versus Brandon Saad in Penguins zone.
6:03 of 2nd period - Jake Muzzin is hit by Mark Giordano and loses puck.
6:09 of 2nd period - Darren Helm is hit by Mark Giordano and loses puck.
6:17 of 2nd period - Brandon Saad is hit by Darren Helm and loses puck.
6:23 of 2nd period - Darren Helm is hit by Ryan Suter and loses puck.
6:46 of 2nd period - Shot by Derek Roy.
6:46 of 2nd period - Stopped by Marc-Andre Fleury without a rebound.
6:47 of 2nd period - Brandon Sutter wins face-off versus Mark Arcobello in Penguins zone.
6:54 of 2nd period - Shot by Tommy Wingels.
6:54 of 2nd period - Stopped by Marc-Andre Fleury without a rebound.
6:55 of 2nd period - Brandon Sutter wins face-off versus Ryan Getzlaf in Penguins zone.
7:20 of 2nd period - Victor Hedman is hit by Tommy Wingels and loses puck.
7:33 of 2nd period - Shot by Tyler Johnson.
7:33 of 2nd period - Stopped by Marc-Andre Fleury without a rebound.
7:34 of 2nd period - Derek Roy wins face-off versus Tanner Pearson in Penguins zone.
7:34 of 2nd period - Trevor Daley is hit by Kevan Miller and loses puck.
8:43 of 2nd period - Shot by Ryan Nugent-Hopkins.
8:43 of 2nd period - Shot Misses the Net.
8:53 of 2nd period - Shot by Brandon Saad.
8:53 of 2nd period - Shot Misses the Net.
9:09 of 2nd period - Icing by Ryan Suter.
9:10 of 2nd period - Ryan Nugent-Hopkins wins face-off versus Mikko Koivu in Penguins zone.
9:10 of 2nd period - Mark Giordano is hit by Mikko Koivu and loses puck.
9:44 of 2nd period - Shot by Ryan Getzlaf.
9:44 of 2nd period - Stopped by Corey Crawford without a rebound.
9:45 of 2nd period - Mark Arcobello wins face-off versus Brandon Sutter in Devils zone.
10:22 of 2nd period - Icing by Gregory Campbell.
10:23 of 2nd period - Mikko Koivu wins face-off versus Mark Arcobello in Penguins zone.
10:24 of 2nd period - Shot by Drew Stafford.
10:24 of 2nd period - Stopped by Marc-Andre Fleury without a rebound.
10:25 of 2nd period - Ryan Getzlaf wins face-off versus Mikko Koivu in Penguins zone.
10:40 of 2nd period - Shot by Jakub Voracek.
10:40 of 2nd period - Shot Misses the Net.
11:32 of 2nd period - Shot by Ales Hemsky.
11:32 of 2nd period - Goal by Ales Hemsky - Devils : 1 - Penguins : 0.
11:33 of 2nd period - Ryan Nugent-Hopkins wins face-off versus Darren Helm in neutral zone.
11:36 of 2nd period - Trevor Daley is hit by Ondrej Palat and loses puck.
11:56 of 2nd period - Icing by Kevan Miller.
11:57 of 2nd period - Ryan Nugent-Hopkins wins face-off versus Brandon Sutter in Penguins zone.
12:01 of 2nd period - Off-side.
12:02 of 2nd period - Luke Glendening wins face-off versus Brandon Sutter in neutral zone.
12:36 of 2nd period - Icing by Trevor Daley.
12:37 of 2nd period - Brandon Sutter wins face-off versus Ryan Getzlaf in Devils zone.
12:48 of 2nd period - Shot by Tyler Johnson.
12:48 of 2nd period - Shot Misses the Net.
13:10 of 2nd period - Shot by Drew Stafford.
13:10 of 2nd period - Stopped by Marc-Andre Fleury without a rebound.
13:11 of 2nd period - Derek Roy wins face-off versus Mark Arcobello in Penguins zone.
13:23 of 2nd period - Mark Giordano is hit by Dan Hamhuis and loses puck.
13:26 of 2nd period - Shot by David Perron.
13:26 of 2nd period - Stopped by Corey Crawford without a rebound.
13:27 of 2nd period - Ryan Nugent-Hopkins wins face-off versus Mikko Koivu in Devils zone.
16:32 of 2nd period - Shot by Ondrej Palat.
16:32 of 2nd period - Shot Misses the Net.
16:34 of 2nd period - Shot by Kevan Miller.
16:34 of 2nd period - Shot Blocked by Dan Hamhuis.
16:40 of 2nd period - Shot by Ryan Nugent-Hopkins.
16:40 of 2nd period - Shot Misses the Net.
17:20 of 2nd period - Minor Penalty to James van Riemsdyk for Kneeing.
17:21 of 2nd period - Luke Glendening wins face-off versus Mikko Koivu in Penguins zone.
17:34 of 2nd period - Shot by Tyler Johnson.
17:34 of 2nd period - Shot Hit the Post.
17:54 of 2nd period - Kevan Miller is hit by Tyler Johnson and loses puck.
18:43 of 2nd period - Shot by Brandon Sutter.
18:43 of 2nd period - Stopped by Marc-Andre Fleury without a rebound.
18:44 of 2nd period - Mikko Koivu wins face-off versus Luke Glendening in Penguins zone.
18:45 of 2nd period - Shot by Tyler Johnson.
18:45 of 2nd period - Shot Misses the Net.
18:52 of 2nd period - Icing by Mikko Koivu.
18:53 of 2nd period - Mikko Koivu wins face-off versus Ryan Nugent-Hopkins in Devils zone.
19:19 of 2nd period - Jake Muzzin is hit by Dmitry Kulikov and loses puck.
19:32 of 2nd period - Shot by Brandon Sutter.
19:32 of 2nd period - Stopped by Marc-Andre Fleury without a rebound.
19:33 of 2nd period - Mikko Koivu wins face-off versus Ryan Getzlaf in Penguins zone.
19:54 of 2nd period - Mikko Koivu is hit by James van Riemsdyk and loses puck.
Goals for this period are 1 for Devils vs 0 for Penguins.
Shots for this period are 11 for Devils vs 4 for Penguins.

3rd period


0:01 of 3rd period - Mark Arcobello wins face-off versus Drew Stafford in neutral zone.
1:03 of 3rd period - Brandon Sutter is hit by Ryan Suter.
1:05 of 3rd period - Shot by Tyler Johnson.
1:05 of 3rd period - Stopped by Marc-Andre Fleury without a rebound.
1:06 of 3rd period - Ryan Getzlaf wins face-off versus Darren Helm in Penguins zone.
1:12 of 3rd period - Shot by Ryan Getzlaf.
1:12 of 3rd period - Stopped by Corey Crawford without a rebound.
1:13 of 3rd period - Ryan Nugent-Hopkins wins face-off versus Brandon Sutter in Devils zone.
1:14 of 3rd period - Shot by Ondrej Palat.
1:14 of 3rd period - Stopped by Corey Crawford with a rebound.
1:16 of 3rd period - Shot by Ondrej Palat.
1:16 of 3rd period - Deflect By Ryan Nugent-Hopkins.
1:16 of 3rd period - Shot Misses the Net.
1:31 of 3rd period - Shot by Ryan Nugent-Hopkins.
1:31 of 3rd period - Stopped by Corey Crawford with a rebound.
1:39 of 3rd period - Shot by Brandon Saad.
1:39 of 3rd period - Shot Misses the Net.
1:41 of 3rd period - Shot by Brandon Saad.
1:41 of 3rd period - Deflect By Ryan Nugent-Hopkins.
1:41 of 3rd period - Shot Misses the Net.
1:43 of 3rd period - Shot by Ondrej Palat.
1:43 of 3rd period - Stopped by Corey Crawford without a rebound.
1:44 of 3rd period - Mikko Koivu wins face-off versus Ryan Getzlaf in Devils zone.
1:44 of 3rd period - Trevor Daley is hit by Ryan Getzlaf and loses puck.
1:52 of 3rd period - Jake Muzzin is hit by Kevan Miller and loses puck.
1:53 of 3rd period - Minor Penalty to Kevan Miller for Slashing.
1:54 of 3rd period - Drew Stafford wins face-off versus Luke Glendening in Penguins zone.
2:51 of 3rd period - Off-side.
2:52 of 3rd period - Brandon Sutter wins face-off versus Luke Glendening in neutral zone.
2:59 of 3rd period - Shot by Dan Hamhuis.
2:59 of 3rd period - Shot Misses the Net.
3:07 of 3rd period - Shot by Vincent Trocheck.
3:07 of 3rd period - Shot Misses the Net.
3:09 of 3rd period - Shot by Vincent Trocheck.
3:09 of 3rd period - Stopped by Marc-Andre Fleury with a rebound.
3:11 of 3rd period - Shot by Tommy Wingels.
3:11 of 3rd period - Shot Misses the Net.
3:58 of 3rd period - Icing by John-Michael Liles.
3:59 of 3rd period - Ryan Getzlaf wins face-off versus Darren Helm in Devils zone.
4:00 of 3rd period - Shot by James van Riemsdyk.
4:00 of 3rd period - Stopped by Corey Crawford without a rebound.
4:01 of 3rd period - Ryan Getzlaf wins face-off versus Darren Helm in Devils zone.
4:04 of 3rd period - Shot by Ryan Getzlaf.
4:04 of 3rd period - Goal by Ryan Getzlaf - Devils : 1 - Penguins : 1.
4:05 of 3rd period - Darren Helm wins face-off versus Ryan Getzlaf in neutral zone.
4:21 of 3rd period - Off-side.
4:22 of 3rd period - Derek Roy wins face-off versus David Perron in neutral zone.
4:53 of 3rd period - Shot by Derek Roy.
4:53 of 3rd period - Shot Misses the Net.
4:55 of 3rd period - Shot by Nick Schultz.
4:55 of 3rd period - Shot Blocked by Dmitry Kulikov.
4:57 of 3rd period - Shot by John-Michael Liles.
4:57 of 3rd period - Stopped by Marc-Andre Fleury without a rebound.
4:58 of 3rd period - Mikko Koivu wins face-off versus Ryan Nugent-Hopkins in Penguins zone.
5:13 of 3rd period - Vincent Trocheck is hit by Ondrej Palat and loses puck.
5:17 of 3rd period - Icing by Trevor Daley.
5:18 of 3rd period - Ryan Getzlaf wins face-off versus Mikko Koivu in Devils zone.
5:23 of 3rd period - Shot by Ryan Getzlaf.
5:23 of 3rd period - Stopped by Corey Crawford with a rebound.
5:47 of 3rd period - Shot by Mikko Koivu.
5:47 of 3rd period - Stopped by Marc-Andre Fleury without a rebound.
5:48 of 3rd period - Tyler Johnson wins face-off versus Luke Glendening in Penguins zone.
6:26 of 3rd period - Minor Penalty to Dan Hamhuis for Tripping.
6:27 of 3rd period - Mikko Koivu wins face-off versus Jakub Voracek in Devils zone.
6:27 of 3rd period - Mikko Koivu is hit by Ryan Getzlaf.
6:45 of 3rd period - Icing by Ryan Suter.
6:46 of 3rd period - Brandon Sutter wins face-off versus Ryan Getzlaf in Penguins zone.
7:03 of 3rd period - Shot by Mikko Koivu.
7:03 of 3rd period - Shot Blocked by Ryan Suter.
7:05 of 3rd period - Shot by Mikko Koivu.
7:05 of 3rd period - Shot Misses the Net.
7:09 of 3rd period - Shot by Mikko Koivu.
7:09 of 3rd period - Stopped by Marc-Andre Fleury with a rebound.
7:11 of 3rd period - Shot by Nick Schultz.
7:11 of 3rd period - Stopped by Marc-Andre Fleury without a rebound.
7:12 of 3rd period - Brandon Sutter wins face-off versus Ryan Nugent-Hopkins in Penguins zone.
7:27 of 3rd period - Shot by Vincent Trocheck.
7:27 of 3rd period - Shot Misses the Net.
8:17 of 3rd period - Jakub Voracek is hit by Jake Muzzin and loses puck.
8:32 of 3rd period - Shot by Luke Glendening.
8:32 of 3rd period - Stopped by Corey Crawford without a rebound.
8:33 of 3rd period - Luke Glendening wins face-off versus Derek Roy in Devils zone.
8:41 of 3rd period - Shot by Tanner Pearson.
8:41 of 3rd period - Shot Misses the Net.
8:43 of 3rd period - Shot by Tanner Pearson.
8:43 of 3rd period - Shot Blocked by Chris Terry.
8:45 of 3rd period - Shot by Luke Glendening.
8:45 of 3rd period - Stopped by Corey Crawford with a rebound.
8:51 of 3rd period - Shot by David Perron.
8:51 of 3rd period - Stopped by Corey Crawford without a rebound.
8:52 of 3rd period - Ryan Getzlaf wins face-off versus Mikko Koivu in Devils zone.
8:52 of 3rd period - Ryan Getzlaf is hit by Jake Muzzin.
9:02 of 3rd period - Shot by Jakub Voracek.
9:02 of 3rd period - Shot Misses the Net.
9:10 of 3rd period - Shot by Mikko Koivu.
9:10 of 3rd period - Shot Misses the Net.
9:30 of 3rd period - Shot by James van Riemsdyk.
9:30 of 3rd period - Deflect By Ryan Getzlaf.
9:30 of 3rd period - Stopped by Corey Crawford without a rebound.
9:31 of 3rd period - Brandon Sutter wins face-off versus Ryan Nugent-Hopkins in Devils zone.
9:56 of 3rd period - Shot by Tyler Johnson.
9:56 of 3rd period - Stopped by Marc-Andre Fleury without a rebound.
9:57 of 3rd period - Luke Glendening wins face-off versus Darren Helm in Penguins zone.
10:02 of 3rd period - Shot by Jacob Trouba.
10:02 of 3rd period - Shot Blocked by John-Michael Liles.
11:08 of 3rd period - Drew Stafford is hit by Ondrej Palat and loses puck.
12:11 of 3rd period - Shot by Ryan Getzlaf.
12:11 of 3rd period - Stopped by Corey Crawford without a rebound.
12:12 of 3rd period - Mark Arcobello wins face-off versus Tyler Johnson in Devils zone.
12:14 of 3rd period - David Perron is hit by Dan Hamhuis and loses puck.
12:31 of 3rd period - Mark Arcobello is hit by Tommy Wingels.
12:45 of 3rd period - Shot by Tommy Wingels.
12:45 of 3rd period - Shot Misses the Net.
12:55 of 3rd period - Jacob Trouba is hit by Tommy Wingels and loses puck.
13:30 of 3rd period - Shot by Ales Hemsky.
13:30 of 3rd period - Stopped by Marc-Andre Fleury with a rebound.
13:50 of 3rd period - Shot by James van Riemsdyk.
13:50 of 3rd period - Stopped by Corey Crawford without a rebound.
13:51 of 3rd period - Mikko Koivu wins face-off versus Ryan Nugent-Hopkins in Devils zone.
14:45 of 3rd period - Icing by Trevor Daley.
14:46 of 3rd period - Ryan Getzlaf wins face-off versus Vincent Trocheck in Devils zone.
14:57 of 3rd period - Shot by Jakub Voracek.
14:57 of 3rd period - Stopped by Corey Crawford with a rebound.
14:59 of 3rd period - Shot by Dmitry Kulikov.
14:59 of 3rd period - Shot Blocked by Jake Muzzin.
15:09 of 3rd period - Shot by James van Riemsdyk.
15:09 of 3rd period - Shot Blocked by Jake Muzzin.
15:11 of 3rd period - Shot by Ryan Getzlaf.
15:11 of 3rd period - Shot Misses the Net.
15:19 of 3rd period - Shot by James van Riemsdyk.
15:19 of 3rd period - Stopped by Corey Crawford without a rebound.
15:20 of 3rd period - Brandon Sutter wins face-off versus Luke Glendening in Devils zone.
15:33 of 3rd period - Icing by Tyler Johnson.
15:34 of 3rd period - Ryan Nugent-Hopkins wins face-off versus Brandon Sutter in Devils zone.
15:55 of 3rd period - Off-side.
15:56 of 3rd period - Derek Roy wins face-off versus Ryan Getzlaf in neutral zone.
16:03 of 3rd period - Icing by Ryan Getzlaf.
16:04 of 3rd period - Ryan Getzlaf wins face-off versus Derek Roy in Penguins zone.
16:04 of 3rd period - Dmitry Kulikov is hit by Darren Helm and loses puck.
16:19 of 3rd period - Shot by Derek Roy.
16:19 of 3rd period - Stopped by Marc-Andre Fleury with a rebound.
16:21 of 3rd period - Shot by Darren Helm.
16:21 of 3rd period - Shot Misses the Net.
16:39 of 3rd period - Shot by Darren Helm.
16:39 of 3rd period - Shot Misses the Net.
16:41 of 3rd period - Shot by Nick Schultz.
16:41 of 3rd period - Shot Misses the Net.
16:43 of 3rd period - Shot by Darren Helm.
16:43 of 3rd period - Shot Misses the Net.
17:49 of 3rd period - Shot by Drew Stafford.
17:49 of 3rd period - Stopped by Marc-Andre Fleury without a rebound.
17:50 of 3rd period - Ryan Nugent-Hopkins wins face-off versus Mikko Koivu in Penguins zone.
17:50 of 3rd period - Ryan Nugent-Hopkins is hit by Vincent Trocheck.
18:12 of 3rd period - Shot by Ryan Nugent-Hopkins.
18:12 of 3rd period - Shot Misses the Net.
18:45 of 3rd period - Shot by Derek Roy.
18:45 of 3rd period - Shot Misses the Net.
18:50 of 3rd period - Darren Helm is hit by Mark Giordano and loses puck.
19:08 of 3rd period - Minor Penalty to Mark Giordano for Interference.
19:09 of 3rd period - Luke Glendening wins face-off versus Brandon Sutter in Penguins zone.
19:20 of 3rd period - Shot by Brandon Sutter.
19:20 of 3rd period - Goal by Brandon Sutter - Devils : 2 - Penguins : 1.
19:21 of 3rd period - Mikko Koivu wins face-off versus Ryan Getzlaf in neutral zone.
19:24 of 3rd period - Shot by Nick Schultz.
19:24 of 3rd period - Stopped by Marc-Andre Fleury without a rebound.
19:25 of 3rd period - Mikko Koivu wins face-off versus Ryan Getzlaf in Penguins zone.
19:33 of 3rd period - Icing by Victor Hedman.
19:34 of 3rd period - Ryan Getzlaf wins face-off versus Brandon Sutter in Penguins zone.
19:40 of 3rd period - Victor Hedman is hit by Brandon Sutter and loses puck.
19:54 of 3rd period - Shot by Trevor Daley.
19:54 of 3rd period - Shot Misses the Net.
Goals for this period are 1 for Devils vs 1 for Penguins.
Shots for this period are 12 for Devils vs 15 for Penguins.